Map: Incorporeal LE

Players

VasMaks

  • Race: Terran Terran
  • Spawn Location: 5:00

ManlyManMeat - Winner!

  • Race: Protoss Protoss
  • League: Master
  • Spawn Location: 11:00

VOD

Have the link to the VOD?

Description

Time

  • Played on: June 14, 2025, 12:33 p.m.
  • Length: 9:38
Show
View Real Time Build Order
Export as new Build Order

VasMaks Terran 

Build Orders:  

Get SALT Encoding   

  12  0:01  SCV  
  13  0:13  SCV  
  14  0:19  Supply Depot  
  14  0:25  SCV  
  15  0:32  Supply Depot  
  15  0:40  SCV  
  16  0:49  Barracks  
  16  0:52  SCV  
  17  1:00  Refinery  
  17  1:07  SCV  
  18  1:16  Barracks  
  18  1:19  SCV  
  19  1:31  SCV  
  20  1:37  Barracks Tech Lab  
  20  1:45  Barracks  
  20  1:48  SCV  
  21  1:56  Barracks  
  21  2:00  SCV  
  22  2:05  Barracks Reactor  
  22  2:11  Marine  
  23  2:18  Orbital Command  
  23  2:30  Engineering Bay  
  23  2:34  Combat Shield  
  23  2:45  Marine x2  
  23  2:47  Marine  
  26  2:57  Refinery  
  26  3:04  Engineering Bay  
  26  3:11  Barracks Reactor  
  26  3:16  Barracks Reactor  
  26  3:24  SCV  
  27  3:27  Marine x2  
  27  3:28  Marine  
  30  3:36  Terran Infantry Weapons Level 1  
  30  3:41  Supply Depot  
  30  3:45  Marine  
  31  3:53  Terran Infantry Armor Level 1  
  31  4:02  Marine x4  
  31  4:03  Marine x2  
  31  4:09  Supply Depot  
  37  4:20  Marine  
  38  4:35  Marine x3  
  38  4:36  Marine x3  
  38  4:38  Marine  
  45  4:53  Marine x2  
  47  5:08  Supply Depot  
  47  5:10  Supply Depot, Marine  
  42  5:31  Supply Depot  
  42  5:35  Supply Depot  
  36  5:51  Marine x2  
  36  5:52  Marine x5  
  43  5:57  Supply Depot  
  43  5:58  Supply Depot  
  43  5:59  Stimpack  
  42  6:09  Marine x2  
  31  6:31  Supply Depot  
  31  6:33  Supply Depot  
  31  6:39  Marine x2  
  32  6:40  Marine  
  32  6:44  Marine  
  35  6:49  Marine  
  35  6:52  Marine  
  37  6:54  Supply Depot  
  37  6:55  Marine  
  37  6:57  Marine x2  
  40  7:14  Factory  
  40  7:20  Marine x3  
  40  7:21  Marine  
  44  7:25  Marine  
  45  7:51  Missile Turret  
  45  8:00  Factory Tech Lab  
  45  8:18  Armory  
  45  8:22  Missile Turret  
  45  8:32  Siege Tank  
  48  8:43  Missile Turret  
  48  9:04  Siege Tank  
Show
View Real Time Build Order
Export as new Build Order

ManlyManMeat Protoss - Winner!

Build Orders: 1 Gate Expand 

Get SALT Encoding   

  12  0:00  Probe  
  13  0:12  Probe  
  14  0:19  Pylon  
  14  0:24  Probe  
  15  0:33  Probe  
  15  0:39  Gateway  
  16  0:44  Probe  
  16  0:45  Assimilator  
  17  0:58  Probe  
  18  1:10  Probe  
  19  1:22  Probe  
  20  1:29  Nexus  
  20  1:41  Cybernetics Core  
  20  1:45  Assimilator  
  20  1:47  Probe  
  21  2:08  Probe  
  21  2:09  Gateway  
  21  2:11  Warp Gate  
  22  2:20  Probe  
  22  2:21  Pylon  
  23  2:40  Twilight Council, Zealot  
  23  2:42  Gateway  
  23  2:43  Probe  
  26  2:57  Probe x2  
  28  3:05  Pylon  
  28  3:06  Shield Battery  
  28  3:13  Stalker  
  28  3:14  Shield Battery  
  28  3:16  Probe  
  28  3:19  Probe  
  30  3:22  Charge  
  32  3:33  Stalker  
  34  3:41  Stalker  
  36  3:50  Probe  
  37  4:00  Stalker  
  37  4:02  Stalker  
  37  4:05  Probe  
  37  4:06  Probe  
  41  4:15  Robotics Facility  
  43  4:17  Stalker  
  45  4:35  Probe x2  
  47  4:43  Zealot  
  47  4:44  Pylon, Zealot  
  51  4:47  Zealot  
  53  4:56  Pylon  
  53  5:00  Pylon  
  53  5:04  Observer  
  54  5:10  Blink  
  54  5:15  Stalker  
  54  5:16  Stalker x2  
  60  5:23  Probe x2  
  60  5:39  Stalker  
  60  5:40  Stalker  
  60  5:42  Probe x2  
  64  5:44  Warp Prism  
  66  5:55  Probe x2  
  68  6:01  Stalker  
  66  6:20  Stalker x2  
  70  6:30  Gateway, Probe x2  
  70  6:32  Gateway  
  72  6:33  Gateway  
  72  6:37  Gateway  
  72  6:39  Gateway  
  72  6:43  Pylon  
  72  6:45  Pylon  
  72  6:47  Pylon  
  72  7:06  Pylon  
  72  7:08  Pylon  
  72  7:09  Assimilator x2  
  72  7:12  Observer, Pylon  
  72  7:16  Observer  
  73  7:26  Zealot x5  
  83  7:48  Observer  
  83  7:56  Warp Prism  
  83  7:57  Zealot x8  
  99  8:06  Pylon  
  99  8:07  Pylon  
  99  8:09  Pylon  
  101  8:22  Zealot x4  
  101  8:23  Zealot x3  
  101  8:24  Zealot  
  117  8:44  Stalker  
  117  8:47  Stalker  
  117  8:48  Stalker x6  
  107  9:22  Zealot x5  
  107  9:23  Zealot x3  
Tags
 
League
Master
Matchup
PvT
Replay Pack
Multiplayer
Spawn Locations
Cross Positions
Add a new tag
Caveats
  • Supply blocks, unpowered buildings, or Contaminate may cause inaccurate times.
  • Supply counts are checked every 10 seconds.